 Dungeon Crawl Stone Soup version 0.31-a0-1611-g890cdf5628 (webtiles) character file.

Game seed: 10546325912387393826

2803 bjtr the Covert (level 9, 0/44 HPs)
             Began as a Vine Stalker Enchanter on Jan 9, 2024.
             Succumbed to their own poison gas
             ... on level 6 of the Dungeon.
             The game lasted 00:30:55 (4947 turns).

bjtr the Covert (Vine Stalker Enchanter)            Turns: 4947, Time: 00:30:56

Health: 0/44       AC:  6    Str: 11    XL:     9   Next: 71%
Magic:  6/16       EV: 12    Int: 19    God:
Gold:   216        SH:  0    Dex: 15    Spells: 3/16 levels left

rFire   . . .        a - +2 dagger (speed)
rCold   . . .        (no shield)
rNeg    . . .        f - +0 leather armour
rPois   .            (no helmet)
rElec   .            k - +1 cloak
rCorr   +            (no gloves)
SInv    .            x - +0 pair of boots
Will    +....        d - amulet of magic regeneration
Stlth   ++++         u - ring of resist corrosion
HPRegen 1.07/turn    (no ring)
MPRegen 0.55/turn

%: guardian spirit
@: lethally poisoned (0 -> -11)
A: fangs 3, regeneration 1, magic shield, antimagic bite, no potion heal 2
a: no special abilities


You were on level 6 of the Dungeon.
You visited 1 branch of the dungeon, and saw 6 of its levels.
You also visited: Ossuary.

You collected 249 gold pieces.
You spent 33 gold pieces at shops.

Inventory:

Hand Weapons
 a - a +2 dagger of speed (weapon)
 c - a +0 rapier
 e - a +1 dagger of venom
 j - a +3 quarterstaff of chaos
 o - a +3 spear
 s - a +2 whip of electrocution
 w - a +2 dagger of pain
Armour
 f - a +0 leather armour (worn)
 k - a +1 cloak (worn)
 x - a +0 pair of boots (worn)
Jewellery
 d - an amulet of magic regeneration (around neck)
 u - a ring of resist corrosion (left hand)
Wands
 b - a wand of quicksilver (4)
 t - a wand of polymorph (8)
Scrolls
 l - 3 scrolls of immolation
 m - a scroll of poison
 r - a scroll of amnesia
 v - 3 scrolls of teleportation
 y - a scroll of vulnerability
Potions
 g - a potion of ambrosia
 h - 2 potions of might
 i - 2 potions of brilliance
 n - 3 potions of haste
 p - 3 potions of curing
 q - 2 potions of lignification
 z - a potion of berserk rage


   Skills:
 + Level 3.2 Fighting
 * Level 7.2 Short Blades
 + Level 3.3 Armour
 + Level 3.5 Dodging
 + Level 8.4 Stealth
 + Level 4.3 Spellcasting
 + Level 0.2 Conjurations
 + Level 4.5 Hexes


You had 3 spell levels left.
You knew the following spells:

 Your Spells              Type           Power      Damage    Failure   Level
a - Ensorcelled Hibernat  Hex/Ice        24%        N/A       10%         2
b - Confusing Touch       Hex            21%        N/A       8%          3
c - Tukima's Dance        Hex            21%        N/A       8%          3
d - Searing Ray           Conj           10%        2d4       24%         2
e - Dazzling Flash        Conj/Hex       26%        N/A       19%         3

Your spell library contained the following spells:

 Spells                   Type           Power      Damage    Failure   Level
 Kiss of Death            Conj/Necr      16%        2d6       16%         1
 Magic Dart               Conj           20%        1d4       16%         1
 Fulminant Prism          Conj/Alch      2%         3d5       85%         4
 Dispel Undead            Necr           4%         3d7       86%         4


Dungeon Overview and Level Annotations

Branches:
Dungeon (6/15)            Ossuary (visited)
 Temple: D:4-7

Altars:
Cheibriados
Makhleb
The Shining One

Shops:
D:2 [   D:4 [*   D:6 ?(


Innate Abilities, Weirdness & Mutations

You have razor-sharp teeth.
Your natural rate of healing is unusually fast.
When hurt, damage is shared between your health and your magic reserves.
Your bite disrupts and absorbs the magic of your enemies.
Potions cannot restore your health.


Message History

You hit something. You bite something. You drain its power.
You feel invigorated. Something barely misses you.
You hit something. Your bite misses something. Something hits you.
You miss something. Your bite misses something.
Something hits you but does no damage.
You closely miss something. Your bite misses something. Something hits you.
Something hits you!
You hit something. You bite something. You closely miss something.
Something hits you. Something barely misses you. Something hits you!
Something hits you. Something hits you. Something hits you but does no damage.
Something hits you but does no damage. Something hits you. Something hits you.
Something hits you. Something hits you. Something hits you.
Something hits you but does no damage. Something completely misses you.
Something hits you! Something hits you. Something hits you!
* * * LOW HITPOINT WARNING * * *
Unknown command.
The air fills with toxic fumes!
As you read the scroll of poison, it crumbles to dust.
Something hits you but does no damage.
Unknown command.
Okay, then.
Okay, then.
You are engulfed in poison gas.
You are poisoned.
* * * LOW HITPOINT WARNING * * *
x2 You feel very sick.
Something hits you but does no damage.
Your system rejects the healing.
You feel better.
You are engulfed in poison gas.
You are lethally poisoned!
You die...

##.#....#....## #..#...# .###..
..#.....#...## #§§§§§.+ ∩. +..
..#....#.###.#####§§§§§.# ###..
..#...###...##§§§§§§§§§.# ≈...
.#.###.#....##§§§§§§§§§.###+####.
###...#.....##§§§§§§§§§...#......
#....#....###§§§§§§§§§..........
#..>..#...## #§§{§§§§§§.##.#.....
#....#.###.###..@§§§§§§.##.#....#
#...###...#.##§§§§§§§§§.##.#....#
.###.#....#.#§§§§§§§§§§....#....#
# #.....#§§§#####§#§§....#....#
#....###### #.#.§.........# #...#
#.#......#...## #.### #.#......#
# ## #.#......# #.#......#


There were no monsters in sight!

Vanquished Creatures
  Grinder (D:3)
  Prince Ribbit (D:5)
  Duvessa (D:4)
  An ice beast (D:6)
  An orc warrior (D:6)
  A black bear (D:5)
  4 ogres
  2 phantoms (D:5)
  An elf zombie (Ossuary)
  A bullfrog (D:6)
  A scorpion (D:6)
  Dowan (D:5)
  A howler monkey (D:4)
  4 human zombies (Ossuary)
  3 hounds
  Crazy Yiuf (D:2)
  An orc priest (D:6)
  2 jellies
  Ijyb (D:5)
  2 iguanas (D:5)
  3 orc wizards
  3 hound zombies (Ossuary)
  2 mummies (Ossuary)
  6 adders
  5 gnolls
  2 white imps
  7 adder zombies (Ossuary)
  3 dart slugs
  6 ribbon worms
  11 orcs
  7 bats
  6 endoplasms
  10 gnoll zombies (Ossuary)
  9 goblins
  6 hobgoblins
  7 jackals (D:1)
  9 kobolds
  5 quokkas
  5 ball pythons
  7 frilled lizards
  4 jackal zombies (Ossuary)
  5 kobold zombies (Ossuary)
  3 orc zombies (Ossuary)
  7 rats
169 creatures vanquished.

Vanquished Creatures (collateral kills)
  Pikel (D:5)
  An ogre (D:5)
2 creatures vanquished.

Vanquished Creatures (others)
  A dancing weapon (D:6)
  An orc (D:5)
2 creatures vanquished.

Grand Total: 173 creatures vanquished

Notes
Turn   | Place    | Note
-------+----------+-------------------------------------------
     0 | D:1      | bjtr the Vine Stalker Enchanter began the quest for the
                  | Orb.
     0 | D:1      | Reached XP level 1. HP: 9/9 MP: 4/4
    97 | D:1      | Reached skill level 1 in Short Blades
    97 | D:1      | Reached XP level 2. HP: 13/13 MP: 6/6
   100 | D:1      | Learned a level 2 spell: Ensorcelled Hibernation
   180 | D:1      | Reached skill level 4 in Stealth
   367 | D:1      | Reached XP level 3. HP: 16/16 MP: 7/7
   999 | D:2      | Found a runed translucent door.
  1000 | D:2      | Noticed Crazy Yiuf
  1014 | D:2      | Killed Crazy Yiuf
  1015 | D:2      | Reached XP level 4. HP: 11/21 MP: 4/8
  1101 | D:2      | Found Huanusso's Antique Armour Emporium.
  1560 | D:2      | Reached skill level 5 in Stealth
  1732 | D:3      | Learned a level 3 spell: Confusing Touch
  1736 | D:3      | Learned a level 3 spell: Tukima's Dance
  1760 | D:3      | Reached XP level 5. HP: 25/25 MP: 9/9
  1787 | D:3      | Noticed Grinder
  2054 | D:3      | Killed Grinder
  2055 | D:3      | Reached skill level 1 in Fighting
  2055 | D:3      | Reached skill level 6 in Stealth
  2055 | D:3      | Reached XP level 6. HP: 29/30 MP: 9/11
  2404 | D:4      | Found Edeom's Antique Armour Shoppe.
  2413 | D:4      | Found a sand-covered staircase.
  2434 | Ossuary  | Entered an ossuary
  2577 | Ossuary  | Reached skill level 1 in Armour
  2577 | Ossuary  | Reached XP level 7. HP: 33/33 MP: 12/12
  2899 | D:4      | Found a snail-covered altar of Cheibriados.
  2970 | D:4      | Found Kiufamomoq's General Store.
  3468 | D:5      | Entered Level 5 of the Dungeon
  3552 | D:5      | Learned a level 2 spell: Searing Ray
  3562 | D:5      | Noticed Ijyb
  3590 | D:4      | Reached skill level 5 in Short Blades
  3628 | D:5      | Gained mutation: You have razor-sharp teeth. [Vine Stalker
                  | growth]
  3628 | D:5      | Reached XP level 8. HP: 39/39 MP: 13/13
  3785 | D:5      | Noticed Prince Ribbit
  3813 | D:5      | Killed Prince Ribbit
  3917 | D:5      | Noticed Pikel
  3978 | D:5      | Killed Pikel
  3979 | D:5      | Reached skill level 7 in Stealth
  3979 | D:5      | Reached XP level 9. HP: 44/44 MP: 7/15
  4211 | D:5      | Learned a level 3 spell: Dazzling Flash
  4227 | D:5      | Noticed Dowan
  4230 | D:5      | Noticed Duvessa
  4232 | D:5      | Killed Dowan
  4310 | D:4      | Killed Duvessa
  4362 | D:5      | Killed Ijyb
  4369 | D:5      | Reached skill level 8 in Stealth
  4419 | D:5      | Found a glowing golden altar of the Shining One.
  4450 | D:5      | Found a burning altar of Makhleb.
  4647 | D:6      | Found Dusuujym's Magic Scroll Shop.
  4711 | D:6      | Bought a scroll of teleportation for 33 gold pieces
  4822 | D:6      | Found Dalleh's Antique Weapon Emporium.
  4947 | D:6      | Succumbed to their own poison gas

Illustrated notes

Levels and vault maps discovered:
D:1:      dpeg_arrival_stonehenge_8_columns, layout_basic, serial_forest,
          infiniplex_forest_lined_3_way, infiniplex_forest_end_3,
          infiniplex_forest_lined_room_, infiniplex_forest_straight_3,
          infiniplex_forest_clump_diagonal, infiniplex_forest_zigzag_1,
          infiniplex_forest_fountain, infiniplex_forest_straight_4,
          infiniplex_forest_corner_1
D:2:      layout_loops_ring, serial_shops, shop, kennysheep_generic_room_16,
          uniq_crazy_yiuf_cottage
D:3:      layout_loops_ring, uniq_grinder
D:4:      layout_rooms, slow_altar_1, enter_ossuary_3, serial_shops,
          nicolae_shop_getting_attention, nicolae_shop_behind_doors,
          minmay_misc_feat_more_columns, kennysheep_cluttered_room
D:5:      layout_basic, mainiacjoe_overflow_big_doors, grunt_decor_arrowhead,
          uniq_pikel, uniq_ijyb, uniq_prince_ribbit1, uniq_duvessa
D:6:      nicolae_BIG_FREAKIN_CUBE, layout_basic, serial_shops,
          nicolae_shop_hallway_plus, nicolae_shop_tiny_real_fake_doors, shop,
          nicolae_concentric_dashed_squares_wild

Skill      XL: |  1  2  3  4  5  6  7  8  9 |
---------------+----------------------------+-----
Short Blades   | 1 2 3 5 6 7 |  7.2
Stealth        | 4 5 6 7 8 |  8.4
Fighting       | 1 2 3 |  3.2
Dodging        | 2 3 |  3.5
Armour         | 1 2 3 |  3.3
Spellcasting   | 3 4 |  4.3
Hexes          | 4 |  4.5
Conjurations   | |  0.2

Action                     |  1- 3 |  4- 6 |  7- 9 || total
---------------------------+-------+-------+-------++-------
  Melee: Dagger            |   114 |   215 |   445 ||   774
         Bite              |    25 |    73 |   175 ||   273
         Punch             |       |     2 |     9 ||    11
   Cast: Ensorcelled Hiber |    10 |     6 |     5 ||    21
         Tukima's Dance    |       |       |     6 ||     6
         Confusing Touch   |       |       |     7 ||     7
         Searing Ray       |       |       |     4 ||     4
  Evoke: Wand              |       |       |     1 ||     1
    Use: Scroll            |       |     9 |    10 ||    19
         Potion            |       |       |     3 ||     3
   Stab: Sleeping          |    11 |    11 |    10 ||    32
         Invisible         |       |       |     3 ||     3
         Confused          |       |       |     6 ||     6
         Distracted        |       |       |     1 ||     1
 Armour: Robe              |    54 |    21 |       ||    75
         Leather armour    |       |    63 |   218 ||   281
  Dodge: Dodged            |    72 |    85 |   186 ||   343

Table legend: (Time is in decaauts)
 A = Elapsed time spent in this place.
 B = Non-inter-level travel time spent in this place.
 C = Inter-level travel time spent in this place.
 D = Time resting spent in this place.
 E = Time spent auto-exploring this place.
 F = Levels seen in this place.
 G = Mean time per level.
                   A        B        C        D        E       F      G
               +--------+--------+--------+--------+--------+-----+--------+
         Total |   4598 |   4478 |    120 |     80 |   2605 |   7 |  656.9 |
       Dungeon |   4252 |   4132 |    120 |     80 |   2568 |   6 |  708.7 |
       Ossuary |    346 |    346 |      0 |      0 |     37 |   1 |  346.0 |
               +--------+--------+--------+--------+--------+-----+--------+

Top non-repeatable levels by time:
     D:1: 948 daAuts
     D:5: 871 daAuts
     D:4: 746 daAuts
     D:2: 723 daAuts
     D:3: 651 daAuts
 Ossuary: 346 daAuts
     D:6: 312 daAuts
